[Event "Titled Tuesday Blitz March 21 Early 2023"]
[White "babbilator"]
[Black "lluiss"]
[WhiteElo "2220"]
[BlackElo "2166"]
[Result "1-0"]
[Round "10"]
[TimeControl "180+2"]
[Date "2023.03.21"]
[WhiteClock "0:00:14"]
[BlackClock "0:00:12"]

1. e4 c5 2. Nc3 d6 3. Nf3 Nc6 4. d4 cxd4 5. Nxd4 g6 6. f3 Bg7 7. Be3 Nf6 8. Qd2 O-O 9. O-O-O d5 10. exd5 Nxd5 11. Nxc6 bxc6 12. Bd4 Nxc3 13. Qxc3 Bh6+ 14. Be3 Bxe3+ 15. Qxe3 Qb6 16. Qxe7 Be6 17. Qa3 Rad8 18. Bd3 Rd5 19. b3 Rfd8 20. Rhe1 c5 21. Be4 Rxd1+ 22. Rxd1 Rxd1+ 23. Kxd1 c4 24. Ke2 Qg1 25. g4 Qxh2+ 26. Ke3 c3 27. Qc1 Qh6+ 28. f4 Qh3+ 29. Kd4 Bxg4 30. Bd3 Bf5 31. Kxc3 Bxd3 32. cxd3 Qc8+ 33. Kd2 Qxc1+ 34. Kxc1 h5 35. Kd2 f6 36. b4 Kf7 37. a4 Ke7 38. b5 Kd6 39. a5 Kc7 40. d4 g5 41. fxg5 fxg5 42. d5 h4 43. Ke3 g4 44. Kf2 g3+ 45. Kg2 Kd7 46. b6 1-0


[Site "https://www.chess.com"]

[Event "Titled Tuesday Blitz March 21 Early 2023"]
[White "Corredor Castellanos, Camilo"]
[Black "Sanchez, Robert"]
[WhiteFideId "4425871"]
[BlackFideId "2034360"]
[WhiteElo "1994"]
[BlackElo "2166"]
[Result "1-0"]
[Round "10"]
[TimeControl "180+2"]
[Date "2023.03.21"]
[WhiteClock "0:00:22"]
[BlackClock "0:00:08"]

1. Nf3 d5 2. b3 Nc6 3. d4 Bf5 4. Bb2 e6 5. e3 a6 6. a3 Nf6 7. c4 Be7 8. Nc3 O-O 9. Be2 dxc4 10. bxc4 h6 11. O-O Rb8 12. Qc1 Ne4 13. Nxe4 Bxe4 14. Rd1 Na5 15. Qc3 b6 16. Nd2 Bb7 17. e4 Bf6 18. e5 Be7 19. Rac1 Qc8 20. Bf3 c5 21. d5 exd5 22. cxd5 Bg5 23. Ne4 Bxc1 24. Rxc1 Bxd5 25. e6 f6 26. Nxf6+ Rxf6 27. Bxd5 Qc7 28. Re1 Re8 29. Re3 Qd6 30. Re5 Nc6 31. e7+ Kh8 32. Bxc6 Qxc6 33. h3 Qd6 34. Qe3 Rf7 35. Re6 Qd1+ 36. Kh2 Kg8 37. Qe5 Qd7 38. Rxh6 Rexe7 39. Qg5 Qf5 40. Qxf5 Rxf5 41. Rxb6 Rxf2 42. Kg3 Ree2 43. Bc3 Rxg2+ 44. Kf4 Rc2 45. Be5 Kf7 46. Kf5 g6+ 47. Ke4 Rge2+ 48. Kf4 Rc4+ 49. Kf3 1-0


[Site "https://www.chess.com"]

[Event "Titled Tuesday Blitz March 21 Early 2023"]
[White "Palacio,Igor Da Paz"]
[Black "Mirzanurov, Bulat"]
[WhiteFideId "2121140"]
[BlackFideId "4184521"]
[WhiteElo "2126"]
[BlackElo "2019"]
[Result "0-1"]
[Round "10"]
[TimeControl "180+2"]
[Date "2023.03.21"]
[WhiteClock "0:00:01"]
[BlackClock "0:00:24"]

1. e4 c5 2. Nc3 d6 3. g3 Nc6 4. Bg2 g6 5. d3 Bg7 6. f4 Rb8 7. Nf3 e6 8. a3 Nge7 9. Be3 b5 10. Rb1 a5 11. O-O b4 12. axb4 axb4 13. Ne2 O-O 14. e5 Nf5 15. Bf2 Bb7 16. g4 Nfe7 17. exd6 Qxd6 18. Nd2 Nd4 19. Ne4 Bxe4 20. dxe4 e5 21. f5 f6 22. Qd3 Nxe2+ 23. Qxe2 Rfd8 24. Qc4+ Kh8 25. Bf3 Rbc8 26. Rfd1 Qb6 27. Rxd8+ Qxd8 28. Rd1 Qc7 29. Qe6 Rd8 30. Rxd8+ Qxd8 31. Bxc5 Ng8 32. Qd5 Qa5 33. Kg2 g5 34. Qc4 Qa4 35. Bxb4 Bf8 36. c3 Bxb4 37. cxb4 Qa1 38. Qe2 Qa4 39. b5 Ne7 40. b6 Qc6 41. Qa6 Nc8 42. b3 Nxb6 43. Kg3 Qc5 44. Qa7 Qe3 0-1


[Site "https://www.chess.com"]

[Event "Titled Tuesday Blitz March 21 Early 2023"]
[White "Leschinsky, Gary"]
[Black "Bongo Akanga Ndjila, Barthelemy"]
[WhiteFideId "30951321"]
[BlackFideId "10609431"]
[WhiteElo "1855"]
[BlackElo "1768"]
[Result "1-0"]
[Round "10"]
[TimeControl "180+2"]
[Date "2023.03.21"]
[WhiteClock "0:02:29"]
[BlackClock "0:02:19"]

1. c4 e6 2. Nc3 d5 3. d4 a6 4. Nf3 dxc4 5. g3 b5 6. Bg2 Bb7 7. O-O Nd7 8. Re1 Ngf6 9. Bg5 h6 10. Bxf6 Be7 11. Bxg7 1-0


[Site "https://www.chess.com"]

[Event "Titled Tuesday Blitz March 21 Early 2023"]
[White "lisjakzlatko1"]
[Black "Jesusesmifuerza"]
[WhiteElo "2192"]
[BlackElo "2037"]
[Result "1-0"]
[Round "10"]
[TimeControl "180+2"]
[Date "2023.03.21"]
[WhiteClock "0:00:04"]
[BlackClock "0:00:02"]

1. e4 c5 2. b4 cxb4 3. Bb2 d5 4. exd5 Qxd5 5. d4 Bf5 6. c4 bxc3 7. Nxc3 Qe6+ 8. Be2 Nf6 9. Nf3 h6 10. O-O g5 11. d5 Qc8 12. Rc1 Qd8 13. Nd4 Bd7 14. Qb3 Qb6 15. Ncb5 Na6 16. Rfe1 Bg7 17. d6 e6 18. Nf3 O-O 19. Red1 Nc5 20. Qc4 Rac8 21. Nc7 Qxb2 22. Qxc5 Qb6 23. Qxb6 axb6 24. Ne5 Bc6 25. Nxc6 bxc6 26. Rxc6 b5 27. Bxb5 Rfd8 28. a4 Ne4 29. d7 Rb8 30. Na6 Ra8 31. Rc7 Be5 32. Rb7 Nd6 33. Rb6 Nxb5 34. axb5 Ra7 35. Nc5 Bc7 36. Rc6 Ba5 37. h3 Kf8 38. b6 Raa8 39. b7 Rab8 40. Ra6 Bb4 41. Rc6 Bxc5 42. Rxc5 Ke7 43. Rc7 1-0


[Site "https://www.chess.com"]

[Event "Titled Tuesday Blitz March 21 Early 2023"]
[White "Rose, Felix"]
[Black "Singgih, Diajeng Theresa"]
[WhiteFideId "5105722"]
[BlackFideId "7104391"]
[WhiteElo "2039"]
[BlackElo "1891"]
[Result "0-1"]
[Round "10"]
[TimeControl "180+2"]
[Date "2023.03.21"]
[WhiteClock "0:00:45"]
[BlackClock "0:01:32"]

1. e4 e5 2. Nf3 Nc6 3. Bc4 Bc5 4. c3 Nf6 5. d3 d5 6. exd5 Nxd5 7. O-O Bb6 8. Re1 O-O 9. Nxe5 Nxe5 10. Rxe5 Bxf2+ 11. Kxf2 Qf6+ 12. Qf3 Qxe5 13. Qxd5 Qxh2 14. Qf3 Be6 15. Bf4 Qh4+ 16. Bg3 Qg5 17. Bf4 Qc5+ 18. Be3 Qd6 19. Nd2 f5 20. Bf4 Qb6+ 21. Be3 Qd6 22. Rh1 Bxc4 23. Nxc4 Qxd3 24. Ne5 Qc2+ 25. Kg3 f4+ 26. Bxf4 c6 27. Qh5 Rxf4 28. Qxh7+ Qxh7 0-1


[Site "https://www.chess.com"]

[Event "Titled Tuesday Blitz March 21 Early 2023"]
[White "th3d4rkness"]
[Black "ritanovikova"]
[WhiteElo "2122"]
[BlackElo "2187"]
[Result "0-1"]
[Round "10"]
[TimeControl "180+2"]
[Date "2023.03.21"]
[WhiteClock "0:01:36"]
[BlackClock "0:00:52"]

1. e4 d5 2. exd5 Qxd5 3. Nc3 Qd6 4. Bc4 Nf6 5. Nge2 Bg4 6. d3 e6 7. Bf4 Qxf4 8. Nxf4 Bxd1 9. Rxd1 Bd6 10. Nfe2 c6 11. Ne4 Be7 12. O-O Nbd7 13. N2g3 h5 14. Nxf6+ Bxf6 15. c3 h4 16. Ne4 Be7 17. h3 O-O-O 18. d4 g5 19. f4 g4 20. hxg4 Rdg8 21. g5 b5 22. Bb3 Nb6 23. Kf2 Nd5 24. Bxd5 cxd5 25. Nd2 f6 26. gxf6 Bxf6 27. Nf3 Kd7 28. Rde1 Rg4 29. Ne5+ Bxe5 30. fxe5 Rhg8 31. Rg1 Rf4+ 32. Ke3 Re4+ 33. Kf2 Rf8# 0-1


[Site "https://www.chess.com"]

[Event "Titled Tuesday Blitz March 21 Early 2023"]
[White "Larina, Maria"]
[Black "Vargas Rodriguez, Wilver"]
[WhiteFideId "24113182"]
[BlackFideId "3509672"]
[WhiteElo "1848"]
[BlackElo "2238"]
[Result "1-0"]
[Round "10"]
[TimeControl "180+2"]
[Date "2023.03.21"]
[WhiteClock "0:00:20"]
[BlackClock "0:00:04"]

1. e4 c5 2. Nc3 Nc6 3. g3 g6 4. Bg2 Bg7 5. d3 e6 6. Be3 Nge7 7. Bxc5 O-O 8. Be3 d5 9. Bg5 Qb6 10. Rb1 Bd4 11. Nh3 dxe4 12. Nxe4 f5 13. Nd2 Bxb2 14. O-O Qd4 15. Bh6 Re8 16. Nc4 Bc3 17. Qe2 Qd8 18. Ng5 Nd5 19. Nf3 Bf6 20. h4 Nc3 21. Qd2 Nxb1 22. Rxb1 e5 23. Bg5 Bxg5 24. Nxg5 e4 25. Qc3 Qd4 26. Qb3 Kg7 27. dxe4 fxe4 28. Re1 Be6 29. Rxe4 1-0


[Site "https://www.chess.com"]

[Event "Titled Tuesday Blitz March 21 Early 2023"]
[White "dorpato"]
[Black "Prado, Alexandra"]
[BlackFideId "3301346"]
[WhiteElo "1968"]
[BlackElo "1759"]
[Result "1-0"]
[Round "10"]
[TimeControl "180+2"]
[Date "2023.03.21"]
[WhiteClock "0:00:17"]
[BlackClock "0:00:17"]

1. d4 Nf6 2. Nf3 g6 3. e3 Bg7 4. Be2 O-O 5. O-O d6 6. b3 Nc6 7. Bb2 Nd7 8. c4 e5 9. Nc3 f5 10. d5 Ne7 11. Nd2 f4 12. e4 Nf6 13. f3 g5 14. h3 Rf7 15. b4 Bf8 16. c5 h5 17. cxd6 cxd6 18. Nc4 Rg7 19. Nb5 Ng6 20. a4 Nh4 21. Ba3 g4 22. hxg4 hxg4 23. fxg4 Nxg4 24. Bxg4 Bxg4 25. Qb3 Nxg2 26. Rf2 Ne3 27. Nxe3 fxe3 28. Rg2 Qh4 29. Raa2 e2 30. Raxe2 Bxe2 31. Rxg7+ Bxg7 32. Nxd6 Qg3+ 33. Qxg3 1-0


[Site "https://www.chess.com"]

[Event "Titled Tuesday Blitz March 21 Early 2023"]
[White "Paravyan, David"]
[Black "Lazavik, Denis"]
[WhiteFideId "4194985"]
[BlackFideId "13515110"]
[WhiteElo "2577"]
[BlackElo "2560"]
[Result "1/2-1/2"]
[Round "11"]
[TimeControl "180+2"]
[Date "2023.03.21"]
[WhiteClock "0:00:13"]
[BlackClock "0:01:28"]

1. e4 e5 2. Nf3 Nc6 3. Nc3 Nf6 4. d4 exd4 5. Nxd4 Bb4 6. Nxc6 bxc6 7. Bd3 O-O 8. O-O d5 9. exd5 cxd5 10. h3 c6 11. Bf4 Bd6 12. Qd2 Rb8 13. Rab1 Qc7 14. Bxd6 Qxd6 15. Rfe1 Bd7 16. a3 Rfe8 17. Rxe8+ Rxe8 18. Re1 Rxe1+ 19. Qxe1 c5 20. Bf1 g6 21. Qe3 Kg7 22. Ne2 d4 23. Qf4 Qb6 24. b3 Bf5 25. b4 cxb4 26. axb4 d3 27. cxd3 Bxd3 28. Nd4 Bxf1 29. Kxf1 a5 30. bxa5 Qxa5 31. Kg1 1/2-1/2


[Site "https://www.chess.com"]

[Event "Titled Tuesday Blitz March 21 Early 2023"]
[White "Dubov, Daniil"]
[Black "Jones, Gawain C B"]
[WhiteFideId "24126055"]
[BlackFideId "409561"]
[WhiteElo "2802"]
[BlackElo "2645"]
[Result "1-0"]
[Round "11"]
[TimeControl "180+2"]
[Date "2023.03.21"]
[WhiteClock "0:00:03"]
[BlackClock "0:00:03"]

1. d4 Nf6 2. Nf3 g6 3. c4 Bg7 4. Nc3 O-O 5. Bg5 h6 6. Bh4 c5 7. d5 d6 8. e3 Qb6 9. Rb1 Bf5 10. Bd3 Bxd3 11. Qxd3 Nbd7 12. O-O g5 13. Bg3 Nh5 14. Qf5 Qd8 15. Ne4 Qc8 16. h4 Ndf6 17. Nxf6+ Bxf6 18. Qe4 Kg7 19. b4 b6 20. Nh2 Nxg3 21. fxg3 Be5 22. hxg5 hxg5 23. Rf5 f6 24. Nf3 cxb4 25. Nxg5 Rh8 26. Rbf1 Qg8 27. g4 Kf8 28. Nf3 Ke8 29. g5 Qh7 30. Nxe5 Qh2+ 31. Kf2 fxe5 32. Ke2 Kd7 33. Rf7 Rae8 34. g6 Qh5+ 35. g4 Qh2+ 36. R1f2 Qg1 37. g7 Rh1 38. Qc2 Kc7 39. Kd3 Qxg4 40. Qa4 Qg6+ 41. Kd2 Rh2 42. Qc6+ Kb8 43. Qxe8+ Kb7 44. Qxe7+ Ka6 45. Qxa7# 1-0


[Site "https://www.chess.com"]

[Event "Titled Tuesday Blitz March 21 Early 2023"]
[White "Svane, Rasmus"]
[Black "Le, Tuan Minh"]
[WhiteFideId "4657101"]
[BlackFideId "12401153"]
[WhiteElo "2597"]
[BlackElo "2558"]
[Result "0-1"]
[Round "11"]
[TimeControl "180+2"]
[Date "2023.03.21"]
[WhiteClock "0:00:10"]
[BlackClock "0:00:16"]

1. Nf3 d5 2. g3 Nd7 3. d4 Nb6 4. Nc3 Nf6 5. Bg2 h6 6. a4 a5 7. Qd3 e6 8. e4 Be7 9. O-O O-O 10. e5 Nfd7 11. Ne2 c5 12. c3 cxd4 13. cxd4 Nb8 14. Nf4 Nc6 15. Nh5 Bd7 16. b3 Rc8 17. Qd2 Bg5 18. Nxg5 Qxg5 19. Nf4 Nb4 20. Ba3 Rc2 21. Qe1 Qe7 22. Nd3 Rfc8 23. Nxb4 axb4 24. Bxb4 Qg5 25. Bc5 Na8 26. Qb4 Bc6 27. h4 Qg6 28. Rac1 Nc7 29. Rxc2 Qxc2 30. Qa3 Ra8 31. Rc1 Qd2 32. Qa1 Na6 33. Bd6 Qd3 34. Qc3 Qe2 35. Bf1 Qg4 36. b4 Bxa4 37. b5 Nb8 38. Qc8+ Kh7 39. Qxb7 Qxd4 40. Qxa8 Nd7 41. Rc8 Nb6 42. h5 Nxa8 43. Rxa8 Qd1 44. Rxa4 Qxa4 45. b6 Qb3 46. Bc5 Qb1 47. Kg2 Qe4+ 48. f3 Qc2+ 49. Bf2 Qb2 50. Bd3+ Kg8 51. Ba6 d4 52. b7 Kf8 53. Kh3 Qb1 54. Bxd4 g6 55. Bc5+ Kg7 56. Ba7 gxh5 57. Kg2 Qa2+ 58. Kg1 Qb1+ 59. Kf2 Qa2+ 60. Ke1 Qa1+ 61. Kd2 Qb2+ 62. Kd1 Qa1+ 63. Kc2 Qa2+ 64. Kc3 Qa3+ 65. Kd4 Qb4+ 66. Kd3 Qa3+ 67. Kc2 Qa2+ 68. Kc3 Qxa6 69. b8=Q Qc6+ 70. Kd2 Qxf3 71. Bc5 Qd5+ 72. Ke2 Qxc5 73. Qb2 Qc4+ 74. Kf2 h4 75. gxh4 Qxh4+ 76. Kf3 Qh3+ 77. Kf4 Qf5+ 78. Kg3 h5 79. Qd4 Qg5+ 80. Kf3 Qg4+ 81. Qxg4+ hxg4+ 82. Kxg4 Kg6 83. Kf4 Kh5 84. Ke4 Kg4 85. Ke3 Kf5 86. Kd4 Kf4 87. Kc5 Kxe5 88. Kc6 Kf4 89. Kc7 e5 90. Kd7 e4 91. Ke8 e3 92. Ke7 e2 93. Ke8 e1=Q+ 94. Kf8 0-1


[Site "https://www.chess.com"]

[Event "Titled Tuesday Blitz March 21 Early 2023"]
[White "Bok, Benjamin"]
[Black "Grigoriants, Sergey"]
[WhiteFideId "1017063"]
[BlackFideId "4130804"]
[WhiteElo "2658"]
[BlackElo "2502"]
[Result "1/2-1/2"]
[Round "11"]
[TimeControl "180+2"]
[Date "2023.03.21"]
[WhiteClock "0:00:05"]
[BlackClock "0:00:26"]

1. d4 d5 2. c4 c6 3. cxd5 cxd5 4. Nf3 Nf6 5. Nc3 a6 6. Bf4 Nc6 7. Rc1 e6 8. e3 Be7 9. Bd3 O-O 10. h3 Bd7 11. O-O Rc8 12. a3 Na5 13. Ne5 b5 14. a4 Nc4 15. Qe2 Qa5 16. axb5 Bxb5 17. Nxb5 axb5 18. Bg5 Qb4 19. Bxf6 Bxf6 20. Nd7 Rfd8 21. Qh5 h6 22. Nxf6+ gxf6 23. Qxh6 f5 24. g4 Qf8 25. Qxf8+ Kxf8 26. gxf5 Nxb2 27. Bxb5 Rb8 28. Rc5 exf5 29. Ra1 Rb6 30. Ra2 Nd1 31. Rd2 Nc3 32. Rxc3 Rxb5 33. Kg2 f4 34. exf4 Rb6 35. Re3 Rf6 36. Rf3 Re8 37. Rc2 Re4 38. Rd3 Rexf4 39. Rc5 Rxf2+ 40. Kg1 R2f5 41. Rg3 Re6 42. Rc8+ Ke7 43. Rc1 Re4 44. Rc7+ Kf6 45. Rc6+ Re6 46. Rc2 Re4 47. Rc6+ Ke7 48. Rc7+ Kf6 49. Rc6+ 1/2-1/2


[Site "https://www.chess.com"]

[Event "Titled Tuesday Blitz March 21 Early 2023"]
[White "Kamsky, Gata"]
[Black "Wei, Yi"]
[WhiteFideId "2000024"]
[BlackFideId "8603405"]
[WhiteElo "2666"]
[BlackElo "2686"]
[Result "0-1"]
[Round "11"]
[TimeControl "180+2"]
[Date "2023.03.21"]
[WhiteClock "0:00:02"]
[BlackClock "0:00:09"]

1. d4 Nf6 2. Bf4 c5 3. e3 Qb6 4. Na3 d6 5. Nc4 Qc7 6. Nf3 Nh5 7. Bg3 Nxg3 8. hxg3 g6 9. a4 Bg7 10. d5 b6 11. c3 Nd7 12. e4 O-O 13. Bd3 Bb7 14. O-O Rae8 15. Ne3 a6 16. Re1 Nf6 17. Qb3 Rb8 18. Qc2 Rfe8 19. Nd2 h5 20. Nf3 Bc8 21. Qe2 Qb7 22. Nc4 Bg4 23. Qe3 Qc7 24. Qf4 b5 25. axb5 axb5 26. Na5 c4 27. Bf1 e5 28. Qd2 Bd7 29. b4 cxb3 30. Nxb3 Rec8 31. Rec1 Nxe4 32. Qe3 Nc5 33. Nfd2 Nxb3 34. Nxb3 Ra8 35. Rxa8 Rxa8 36. c4 bxc4 37. Rxc4 Qd8 38. Qc1 Rb8 39. Nd2 Bh6 40. Qc3 Bxd2 41. Qxd2 Rb1 42. Rc1 Qb6 43. Qc2 Rxc1 44. Qxc1 Kg7 45. Be2 Bf5 46. Qd2 Qc5 47. Bf3 Bd7 48. Be2 Ba4 49. Ba6 Qb6 50. Bc4 Qc5 51. Ba6 Bb3 52. Bb7 Qc4 53. Bc6 Qe4 54. Qc3 Bxd5 55. f3 Qb1+ 56. Kh2 Bxc6 57. Qxc6 Qb4 58. Qd7 Qc5 59. Qe7 Qd5 60. Qe8 Qe6 61. Qd8 d5 62. Qg5 Qf5 63. Qe7 d4 64. Qd6 Qe6 65. Qd8 Qf6 66. Qd5 g5 67. Qe4 Qe6 68. Kg1 Qd6 69. Qf5 f6 70. Qd3 Qc5 71. Kh2 Qd5 72. Kg1 h4 73. gxh4 gxh4 74. Kh2 Qd7 0-1


[Site "https://www.chess.com"]

[Event "Titled Tuesday Blitz March 21 Early 2023"]
[White "Pranav, V"]
[Black "Erigaisi Arjun"]
[WhiteFideId "25060783"]
[BlackFideId "35009192"]
[WhiteElo "2500"]
[BlackElo "2737"]
[Result "0-1"]
[Round "11"]
[TimeControl "180+2"]
[Date "2023.03.21"]
[WhiteClock "0:00:02"]
[BlackClock "0:00:03"]

1. e4 c6 2. d4 d5 3. e5 Bf5 4. Nf3 e6 5. Be2 c5 6. c3 Nc6 7. O-O Bg6 8. Be3 cxd4 9. Nxd4 Nge7 10. f4 Nf5 11. Nxf5 Bxf5 12. Nd2 h5 13. Nf3 h4 14. Bd3 g6 15. Rc1 h3 16. g3 a6 17. a4 Be7 18. Rf2 Rc8 19. Rfc2 Na5 20. Bxf5 gxf5 21. Nd4 Qd7 22. Ra1 Bc5 23. Nxf5 exf5 24. Bxc5 Nb3 25. Bd6 Nxa1 26. Qxa1 Rc4 27. b3 Re4 28. Qd1 Qc6 29. Kf1 Kd7 30. c4 d4 31. Rd2 Ke6 32. Rxd4 Rxd4 33. Qxd4 Qh1+ 34. Qg1 Qf3+ 35. Qf2 Qxb3 36. Qe2 Qxa4 37. g4 Qa1+ 38. Kf2 Qd4+ 39. Kf3 fxg4+ 40. Kxg4 Qg1+ 41. Kf3 Qg2+ 42. Qxg2 hxg2 43. Kxg2 Kf5 44. Kg3 a5 45. h4 a4 46. Kh3 Rc8 47. h5 Rxc4 48. h6 Rc8 49. Kh4 Rh8 50. Kh5 Rh7 51. Bf8 b6 52. Be7 Kxf4 53. e6 fxe6 54. Bd6+ Kf5 0-1


[Site "https://www.chess.com"]

[Event "Titled Tuesday Blitz March 21 Early 2023"]
[White "Makhnev, Denis"]
[Black "Bluebaum, Matthias"]
[WhiteFideId "13707647"]
[BlackFideId "24651516"]
[WhiteElo "2525"]
[BlackElo "2638"]
[Result "1-0"]
[Round "11"]
[TimeControl "180+2"]
[Date "2023.03.21"]
[WhiteClock "0:00:03"]
[BlackClock "0:00:04"]

1. d4 d5 2. c4 e6 3. Nf3 Nf6 4. Nc3 Bb4 5. Qa4+ Nc6 6. e3 O-O 7. Qc2 Bxc3+ 8. Qxc3 Ne4 9. Qc2 e5 10. Nxe5 Nb4 11. Qb3 a5 12. a3 Qh4 13. g3 Nxg3 14. fxg3 Qe4 15. axb4 Qxh1 16. Qc2 Bh3 17. Qf2 f6 18. Nd3 dxc4 19. Nf4 Bxf1 20. Qxf1 Qxf1+ 21. Kxf1 axb4 22. Rb1 b6 23. Nd5 Ra4 24. Bd2 Rfa8 25. Nxb4 Ra1 26. Rxa1 Rxa1+ 27. Kf2 Kf7 28. Nd5 Ra7 29. e4 Ke6 30. g4 b5 31. Ke3 c6 32. Nb4 Kd6 33. Nc2 c5 34. dxc5+ Kxc5 35. Bb4+ Kb6 36. Bc3 Rd7 37. Nd4 Kc5 38. Ne6+ Kb6 39. Nf4 Kc6 40. h4 Ra7 41. g5 fxg5 42. hxg5 h6 43. g6 Rd7 44. Ne6 Rd6 45. Nxg7 Rxg6 46. Nf5 h5 47. Ne7+ Kd7 48. Nxg6 Ke6 49. Bd4 1-0


[Site "https://www.chess.com"]

[Event "Titled Tuesday Blitz March 21 Early 2023"]
[White "Navara, David"]
[Black "Bortnyk, Olexandr"]
[WhiteFideId "309095"]
[BlackFideId "14120828"]
[WhiteElo "2675"]
[BlackElo "2734"]
[Result "0-1"]
[Round "11"]
[TimeControl "180+2"]
[Date "2023.03.21"]
[WhiteClock "0:02:07"]
[BlackClock "0:02:11"]

1. e4 Nf6 2. e5 Nd5 3. d4 d6 4. Nf3 dxe5 5. Nxe5 c6 6. Be2 Bf5 7. O-O Nd7 8. Nf3 e6 9. c4 N5f6 10. Nc3 Bd6 11. Nh4 Bg6 12. g3 O-O 13. Nxg6 hxg6 14. Be3 e5 15. Bf3 exd4 16. Bxd4 Be5 17. Re1 Qc7 18. Bg2 Rad8 19. Bxe5 Nxe5 20. Qe2 Rfe8 21. Ne4 Nxe4 22. Qxe4 Qb6 23. Qc2 Qb4 24. b3 Nf3+ 25. Bxf3 Rxe1+ 26. Rxe1 Qxe1+ 27. Kg2 Rd2 0-1


[Site "https://www.chess.com"]

[Event "Titled Tuesday Blitz March 21 Early 2023"]
[White "Shimanov, Aleksandr"]
[Black "Howell, David W L"]
[WhiteFideId "4198603"]
[BlackFideId "410608"]
[WhiteElo "2631"]
[BlackElo "2567"]
[Result "1/2-1/2"]
[Round "11"]
[TimeControl "180+2"]
[Date "2023.03.21"]
[WhiteClock "0:00:03"]
[BlackClock "0:00:03"]

1. e4 e6 2. d4 d5 3. Nc3 Nf6 4. Bg5 h6 5. Bxf6 Qxf6 6. a3 Qd8 7. Nf3 Be7 8. Bd3 c6 9. Qe2 Nd7 10. O-O O-O 11. Rfe1 Re8 12. Rad1 b6 13. Nb1 Bb7 14. e5 c5 15. c3 c4 16. Bc2 b5 17. Nbd2 a5 18. Nf1 b4 19. axb4 axb4 20. Ng3 bxc3 21. bxc3 Ra3 22. Qd2 Qa5 23. Ne2 Bc6 24. Rb1 Rb8 25. Rxb8+ Nxb8 26. Bb1 Nd7 27. h4 Ba4 28. g4 Nf8 29. Kg2 Qd8 30. Rh1 Bb3 31. g5 h5 32. g6 Nxg6 33. Bxg6 fxg6 34. Nf4 Ra2 35. Qe3 Kf7 36. Nh3 Bc2 37. Nhg5+ Bxg5 38. Nxg5+ Ke7 39. Re1 Bf5 40. Re2 Qa5 41. Rxa2 Qxa2 42. Qc1 Kd7 43. Kg3 Kc6 44. Nf7 Qe2 45. f3 Qa2 46. Nd6 Bd3 47. Ne8 Qe2 48. Nxg7 Be4 49. fxe4 Qg4+ 50. Kf2 Qxh4+ 51. Ke2 Qxe4+ 52. Qe3 Qg2+ 53. Ke1 Qh1+ 54. Kf2 Qh2+ 55. Kf1 Qh1+ 56. Ke2 Qg2+ 57. Kd1 Qf1+ 58. Kc2 Qf7 59. Qh6 Qf2+ 60. Qd2 Qf7 61. Qh6 Qf2+ 62. Kb1 Qf1+ 63. Kb2 Qf2+ 64. Ka3 Qf8+ 65. Kb2 Qf2+ 66. Kc1 Qf1+ 67. Kb2 Qf2+ 1/2-1/2


[Site "https://www.chess.com"]

[Event "Titled Tuesday Blitz March 21 Early 2023"]
[White "Bachmann, Axel"]
[Black "Vogel, Roven"]
[WhiteFideId "3700488"]
[BlackFideId "12908088"]
[WhiteElo "2605"]
[BlackElo "2518"]
[Result "1-0"]
[Round "11"]
[TimeControl "180+2"]
[Date "2023.03.21"]
[WhiteClock "0:00:28"]
[BlackClock "0:00:10"]

1. c4 c6 2. Nf3 d5 3. e3 Nf6 4. Nc3 e6 5. b3 Bd6 6. Bb2 O-O 7. Be2 e5 8. cxd5 cxd5 9. Nb5 Nc6 10. Nxd6 Qxd6 11. d4 e4 12. Ne5 Be6 13. O-O Nd7 14. Nxc6 Qxc6 15. Qd2 Qd6 16. Rfc1 Rfc8 17. Qa5 Qb6 18. Qa4 Nf6 19. Ba3 Bd7 20. Qb4 Qxb4 21. Bxb4 Rxc1+ 22. Rxc1 Rc8 23. Rxc8+ Bxc8 24. f3 Bf5 25. Be7 exf3 26. gxf3 Bb1 27. a3 Nd7 28. Bb5 Nb8 29. Bc5 a6 30. Be8 Bc2 31. b4 Bf5 32. Ba4 Nd7 33. Kf2 Be6 34. e4 b5 35. Bc2 g6 36. Ke3 Kg7 37. a4 f5 38. axb5 axb5 39. Bd3 fxe4 40. fxe4 dxe4 41. Bxb5 Nf6 42. Bc6 Ng4+ 43. Kxe4 Nxh2 44. b5 Bh3 45. d5 Ng4 46. b6 Nf6+ 47. Kd4 Bc8 48. Be7 Nxd5 49. Kxd5 h5 50. Kd6 Kf7 51. Kc7 Ba6 52. Bg5 Ke6 53. Bd7+ Kd5 54. Bc8 1-0


[Site "https://www.chess.com"]

[Event "Titled Tuesday Blitz March 21 Early 2023"]
[White "Bolourchifard, Farzad"]
[Black "Naroditsky, Daniel"]
[WhiteFideId "12510084"]
[BlackFideId "2026961"]
[WhiteElo "2317"]
[BlackElo "2633"]
[Result "0-1"]
[Round "11"]
[TimeControl "180+2"]
[Date "2023.03.21"]
[WhiteClock "0:00:01"]
[BlackClock "0:01:24"]

1. e4 c5 2. Nc3 a6 3. g3 b5 4. Bg2 Bb7 5. d3 e6 6. Nge2 Nf6 7. O-O d6 8. Be3 Nbd7 9. h3 Qc7 10. Qd2 Be7 11. a3 O-O 12. f4 d5 13. exd5 Nxd5 14. Nxd5 Bxd5 15. Bxd5 exd5 16. d4 Nf6 17. Rad1 Ne4 18. Qe1 cxd4 19. Nxd4 Bf6 20. c3 Rfe8 21. Rf3 Qc4 22. Qf1 Rad8 23. Qxc4 dxc4 24. g4 h6 25. Re1 Nc5 26. Kf1 Nd3 27. Re2 Re4 28. Nc6 Rde8 29. Nb4 Nxb2 30. Rxb2 Rxe3 31. Rxe3 Rxe3 32. Nxa6 Rxc3 33. Rxb5 Rxa3 34. Nc5 c3 35. Nd7 Be7 36. Rb8+ Kh7 37. Rc8 h5 38. Ke2 h4 39. Ne5 c2 40. Nxf7 Rxh3 41. Rxc2 Rh2+ 42. Kd3 Rxc2 43. Kxc2 h3 44. Ne5 h2 0-1


[Site "https://www.chess.com"]

[Event "Titled Tuesday Blitz March 21 Early 2023"]
[White "Zhigalko, Sergei"]
[Black "Sarana, Alexey"]
[WhiteFideId "13502956"]
[BlackFideId "24133795"]
[WhiteElo "2626"]
[BlackElo "2714"]
[Result "1-0"]
[Round "11"]
[TimeControl "180+2"]
[Date "2023.03.21"]
[WhiteClock "0:00:04"]
[BlackClock "0:00:10"]

1. e4 e5 2. Nf3 Nc6 3. Bb5 a6 4. Ba4 b5 5. Bb3 Na5 6. O-O d6 7. d4 exd4 8. Nxd4 Nf6 9. Bd5 Bb7 10. Bxb7 Nxb7 11. a4 bxa4 12. Nc3 Be7 13. Nf5 O-O 14. Bg5 c6 15. Rxa4 Nc5 16. Rd4 Ne6 17. Nxe7+ Qxe7 18. Bxf6 Qxf6 19. Rxd6 Rfd8 20. Rxd8+ Rxd8 21. Qe2 Nf4 22. Qxa6 h5 23. g3 Qe6 24. Re1 Rd2 25. gxf4 Qg4+ 26. Kf1 Qh3+ 27. Kg1 Qg4+ 28. Kf1 h4 29. Re2 Rd8 30. Re3 h3 31. Qe2 Qg2+ 32. Ke1 Qxh2 33. Qf1 Ra8 34. Ke2 Qxf4 35. Qxh3 g6 36. Qg3 Qf6 37. e5 Qf5 38. Ne4 Qe6 39. b3 Ra2 40. Rc3 Ra1 41. Qf4 Rh1 42. Nf6+ Kg7 43. Rd3 Qe7 44. Rd6 Qa7 45. Rd7 Qa6+ 46. Kd2 Qa5+ 47. b4 Qa2 48. Ne8+ Kf8 49. Nd6 Qd5+ 50. Kc3 Rh7 51. Rxf7+ Rxf7 52. Qxf7+ Qxf7 53. Nxf7 Kxf7 54. Kd4 Ke6 55. Ke4 1-0


[Site "https://www.chess.com"]

[Event "Titled Tuesday Blitz March 21 Early 2023"]
[White "Nogerbek, Kazybek"]
[Black "Deac, Bogdan-Daniel"]
[WhiteFideId "13710427"]
[BlackFideId "1226380"]
[WhiteElo "2501"]
[BlackElo "2649"]
[Result "0-1"]
[Round "11"]
[TimeControl "180+2"]
[Date "2023.03.21"]
[WhiteClock "0:00:04"]
[BlackClock "0:00:04"]

1. d4 Nf6 2. c4 e6 3. Nf3 b6 4. a3 Bb7 5. Nc3 Ne4 6. Nxe4 Bxe4 7. Nd2 Bb7 8. e4 g6 9. Bd3 Bg7 10. Nf3 O-O 11. O-O d6 12. Be3 Nd7 13. Qd2 f5 14. Bg5 Qe8 15. Rfe1 Qf7 16. Bh6 Rae8 17. d5 fxe4 18. Bxe4 Bxh6 19. Qxh6 exd5 20. cxd5 Nc5 21. Ng5 Qg7 22. Qxg7+ Kxg7 23. f3 Re5 24. Nh3 Rfe8 25. Red1 Nxe4 26. fxe4 Rxe4 27. Rac1 R8e7 28. Ng5 Re2 29. Ne6+ Kg8 30. b4 Bxd5 31. Nf4 Bb3 32. Nxe2 Bxd1 33. Nd4 Ba4 34. b5 Re4 35. Nc6 Bxb5 36. Nxa7 Bc4 37. Nc6 d5 38. Rd1 b5 39. Nb4 d4 40. Nc6 d3 41. Nb4 Rd4 42. Nc6 Rd6 43. Ne5 Rd5 44. Ng4 Kg7 45. Kf2 d2 46. Ne3 Rd3 47. Ke2 Rxa3+ 48. Kf2 Rd3 49. Nf1 Rd4 50. Ne3 Bb3 51. Rb1 d1=Q 52. Nxd1 Bxd1 53. Rxb5 Ba4 54. Rc5 Rd7 55. Ke3 Bd1 56. Rd5 Rxd5 0-1


[Site "https://www.chess.com"]